 Dungeon Crawl Stone Soup version 0.30-a0-159-g068b764562 (webtiles) character file.

Game seed: 17809124371021282164

45 qw the Chopper (level 3, -2/23 HPs)
             Began as a Gargoyle Fighter on Sept 27, 2022.
             Slain by an iron imp (8 damage)
             ... summoned by Natasha
             ... on level 2 of the Dungeon.
             The game lasted 00:00:32 (1561 turns).

qw the Chopper (Gargoyle Fighter)                   Turns: 1561, Time: 00:00:33

Health: -2/23      AC: 10    Str: 21    XL:     3   Next: 64%
Magic:  3/3        EV:  9    Int:  8    God:
Gold:   30         SH:  4    Dex:  9    Spells: 2/2 levels left

rFire   . . .      SeeInvis .    Y - +0 war axe
rCold   . . .      Faith    .    c - +0 buckler
rNeg    + . .      Spirit   .    b - +0 scale mail
rPois   inf        Reflect  .    (no helmet)
rElec   +          Harm     .    (no cloak)
rCorr   .          Rampage  .    (no gloves)
Will    .....                    (no boots)
Stlth   ..........               (no amulet)
HPRegen 0.07/turn                (no ring)
MPRegen 0.08/turn                (no ring)

@: slowed, very slow
A: sickness immunity, AC +3, negative energy resistance 1, electricity
resistance, torment resistance 1, petrification resistance
a: no special abilities


You were on level 2 of the Dungeon.
You visited 1 branch of the dungeon, and saw 2 of its levels.

You collected 52 gold pieces.
You spent 22 gold pieces at shops.


Innate Abilities, Weirdness & Mutations

You are immune to sickness and miasma.
Your stone body is resilient. (AC +3)
You are immune to poison.
You resist negative energy. (rN+)
You are resistant to electric shocks. (rElec)
You are resistant to unholy torment.
You are immune to petrification.


   Skills:
 - Level 3.2 Fighting
 + Level 3.5 Axes
 - Level 3.2 Armour
 - Level 3.2 Shields


You had 2 spell levels left.
You didn't know any spells.
Your spell library was empty.

Inventory:

Hand Weapons
 i - a +0 club
 Y - a +0 war axe (weapon)
Armour
 b - a +0 scale mail (worn)
 c - a +0 buckler (worn)
Scrolls
 h - a scroll of identify
Potions
 d - a potion of might
 e - a potion of curing
 f - a potion of mutation {unknown}

Dungeon Overview and Level Annotations

Branches:
Dungeon (2/15)

Altars:

Shops:
D:1 ?

Annotations:
D:2 Natasha


Message History

You slash Natasha!
Natasha is heavily wounded.
You barely miss the goblin.
You hit the ball python but do no damage.
Natasha mumbles some strange words.
You feel troubled. Natasha claws you but does no damage.
The ball python closely misses you. The ball python barely misses you.
The goblin hits you but does no damage. Natasha closely misses you.
The ball python bites you but does no damage.
The ball python grabs you. The ball python constricts you.
The goblin hits you but does no damage.
You closely miss the ball python. You hit the goblin.
You kill the goblin!
You completely miss Natasha.
The ball python bites you but does no damage.
The ball python constricts you. Natasha closely misses you.
The ball python bites you. The ball python constricts you.
Natasha completely misses you.
The ball python bites you but does no damage.
The ball python constricts you.
You closely miss the ball python. You closely miss Natasha.
Natasha mumbles some strange words.
The ball python bites you but does no damage.
The ball python constricts you.
Natasha stares at you and mumbles some strange words.
You feel as though you will be slow longer.
You block the ball python's attack. The ball python constricts you.
You closely miss the ball python. You barely miss Natasha.
You block the ball python's attack. The ball python constricts you.
Natasha drinks a potion.
Natasha seems to grow stronger.
The ball python bites you but does no damage.
The ball python constricts you. You block Natasha's attack.
The ball python barely misses you. The ball python constricts you.
Natasha claws you.
You hit the ball python.
You kill the ball python!
You barely miss Natasha. You barely miss the iron imp.
You block the iron imp's attack. Natasha claws you! The iron imp hits you!
You die...

#########
#.......######
#.......#....#
......5.#....#
......h@.<...#
#......)#....#
.>......#....#
.............#
....###.#....#
.... ..######
... .### .. ##


You could see an iron imp (summoned) and Natasha (strong).

Vanquished Creatures
  A dart slug (D:1)
  2 endoplasms (D:1)
  A giant cockroach (D:1)
  2 goblins
  6 hobgoblins (D:1)
  7 jackals (D:1)
  2 quokkas (D:1)
  3 ball pythons
  3 bats (D:1)
  4 frilled lizards (D:1)
  4 kobolds (D:1)
  5 rats (D:1)
40 creatures vanquished.

Notes
Turn   | Place    | Note
-------+----------+-------------------------------------------
     0 | D:1      | qw the Gargoyle Fighter began the quest for the Orb.
     0 | D:1      | Reached XP level 1. HP: 14/14 MP: 1/1
     0 | D:1      | 0 ||| qw: Version: 0.2-a-10-g37ed214
     0 | D:1      | 0 ||| qw: Game counter: 571
     0 | D:1      | 0 ||| qw: Always use a shield: true
     0 | D:1      | 0 ||| qw: God list: Okawaru
     0 | D:1      | 0 ||| qw: Allow faded altars: false
     0 | D:1      | 0 ||| qw: Do Orc after D:15 true
     0 | D:1      | 0 ||| qw: Do second Lair branch before Depths: true
     0 | D:1      | 0 ||| qw: Lair rune preference: random
     0 | D:1      | 0 ||| qw: Plans: Normal, Zot:1-4, God:TSO, Crypt, Tomb,
                  | Pan, Slime:5, Hells, Abyss, Orb
     0 | D:1      | 0 ||| PLANNING D:1-11
   204 | D:1      | Reached XP level 2. HP: 14/19 MP: 2/2
   293 | D:1      | 293 ||| Stepping ~*~*~tactically~*~*~ (hiding).
   571 | D:1      | Found Ocepoth's Magic Scroll Shop.
   576 | D:1      | 576 ||| BUYING scroll of identify (22 gold).
   576 | D:1      | Bought a scroll of identify for 22 gold pieces
   576 | D:1      | 576 ||| SHOPLISTING scroll of identify (22 gold, have 10).
   576 | D:1      | 576 ||| SHOPLISTING scroll of teleportation (33 gold, have
                  | 10).
   592 | D:1      | Reached skill level 3 in Axes
   607 | D:1      | Reached XP level 3. HP: 20/23 MP: 3/3
   608 | D:1      | 608 ||| Stepping ~*~*~tactically~*~*~ (stealth).
   609 | D:1      | 609 ||| Stepping ~*~*~tactically~*~*~ (stealth).
  1010 | D:1      | 1010 ||| Stepping ~*~*~tactically~*~*~ (stealth).
  1512 | D:1      | 1512 ||| DROPPING orb of guile.
  1513 | D:1      | 1513 ||| READING scroll labelled HONAAB JIGOCO.
  1514 | D:1      | 1514 ||| DRINKING 2 red potions.
  1552 | D:2      | Noticed Natasha
  1553 | D:2      | 1553 ||| Stepping ~*~*~tactically~*~*~ (hiding).
  1561 | D:2      | Slain by an iron imp

Levels and vault maps discovered:
D:1:      dpeg_cavernosity, layout_basic, serial_shops,
          nicolae_shop_hallway_plus, minmay_misc_feat_pillars,
          kennysheep_small_spiral
D:2:      layout_rooms, minmay_misc_feat_rugged, uniq_sigmund, uniq_natasha

Skill      XL: |  1  2 |
---------------+-------+-----
Axes           | 2 3 |  3.5
Fighting       | |  3.2
Armour         | |  3.2
Shields        | |  3.2

Action                   || total
-------------------------++-------
Melee: War axe           ||   128
  Use: Scroll            ||     1
       Potion            ||     1
Armor: Scale mail        ||    81
Dodge: Dodged            ||    72
Block: Buckler           ||    32

Table legend:
 A = Non-vault XP
 B = Vault XP
 C = Vault XP percentage of total XP
 D = Non-vault monster count
 E = Vault monster count
 F = Vault count percentage of total count
                 A         B        C        D         E       F
            +---------+---------+-------+---------+---------+-------
      Total |      61 |       6 |   9.0 |      36 |       4 |  10.0
            +---------+---------+-------+---------+---------+-------
        D:1 |      57 |       6 |   9.5 |      34 |       4 |  10.5
        D:2 |       4 |       0 |   0.0 |       2 |       0 |   0.0
            +---------+---------+-------+---------+---------+-------
